Map: Prion Terraces

Players

Miszu

  • Race: Protoss Protoss
  • League: Master

JuGGeRNutZ - Winner!

  • Race: Zerg Zerg
  • League: Master

VOD

Have the link to the VOD?

Description

Time

  • Played on: April 3, 2016, 9:24 a.m.
  • Length: 11:04
Show
View Real Time Build Order
Export as new Build Order

Miszu Protoss 

Build Orders: 1 Gate Expand 

Get SALT Encoding   

  12  0:01  Probe (Chrono Boost)  
  13  0:11  Probe (Chrono Boost)  
  14  0:21  Pylon  
  14  0:22  Probe (Chrono Boost)  
  15  0:39  Probe (Chrono Boost)  
  16  0:48  Gateway  
  16  0:50  Probe (Chrono Boost)  
  17  1:00  Probe (Chrono Boost)  
  18  1:12  Probe (Chrono Boost)  
  18  1:16  Nexus  
  19  1:23  Probe (Chrono Boost)  
  19  1:24  Assimilator  
  20  1:33  Probe (Chrono Boost)  
  20  1:37  Cybernetics Core  
  21  1:44  Pylon  
  22  1:47  Probe (Chrono Boost)  
  22  1:55  Assimilator  
  22  1:57  Probe (Chrono Boost)  
  23  2:08  Probe (Chrono Boost)  
  24  2:13  Adept (Chrono Boost)  
  26  2:18  Warp Gate (Chrono Boost)  
  26  2:20  Probe  
  27  2:27  Probe  
  28  2:32  Probe  
  29  2:37  Adept (Chrono Boost), Probe  
  29  2:44  Probe  
  33  2:49  Mothership Core  
  35  2:56  Probe  
  35  2:58  Adept  
  38  3:08  Probe  
  38  3:10  Probe  
  40  3:22  Probe  
  40  3:25  Gateway x2  
  39  3:29  Pylon  
  39  3:38  Probe  
  40  3:47  Probe  
  43  3:50  Probe  
  43  3:54  Stargate x2  
  44  3:59  Probe  
  41  4:20  Adept x2  
  41  4:22  Probe x2  
  46  4:38  Adept  
  43  4:43  Pylon  
  42  4:48  Adept x2  
  46  4:57  Probe  
  46  4:58  Probe  
  46  4:59  Assimilator x2  
  44  5:19  Phoenix  
  42  5:24  Pylon  
  42  5:25  Pylon  
  42  5:27  Pylon  
  40  5:37  Pylon  
  40  5:39  Pylon  
  40  5:45  Probe x2  
  40  5:47  Adept  
  44  5:55  Pylon  
  44  5:57  Probe x2  
  44  5:59  Pylon  
  40  6:05  Pylon  
  40  6:06  Pylon  
  40  6:09  Probe x2  
  42  6:12  Pylon  
  40  6:18  Adept  
  40  6:19  Adept  
  40  6:21  Probe x2  
  46  6:33  Probe x2  
  46  6:34  Adept  
  46  6:36  Pylon  
  50  6:40  Adept  
  50  6:41  Adept  
  50  6:45  Probe x2  
  56  6:52  Adept  
  58  6:57  Probe x2  
  58  6:58  Gateway  
  58  6:59  Gateway  
  58  7:00  Phoenix x2  
  64  7:08  Pylon  
  64  7:10  Probe x2  
  64  7:12  Adept  
  68  7:22  Probe x2  
  70  7:29  Twilight Council  
  70  7:34  Probe x2  
  72  7:46  Probe  
  73  8:00  Probe x2  
  73  8:02  Nexus  
  73  8:04  Pylon  
  75  8:12  Probe  
  76  8:25  Adept x3  
  68  8:27  Resonating Glaives (Chrono Boost)  
  68  8:29  Phoenix x2  
  72  8:39  Probe x2  
  68  8:42  Adept  
  68  8:43  Adept x2  
  74  8:51  Pylon, Probe x2  
  76  8:56  Adept x2  
  80  9:03  Probe x2 (Chrono Boost)  
  82  9:12  Probe (Chrono Boost)  
  82  9:14  Probe (Chrono Boost)  
  82  9:15  Probe  
  85  9:23  Probe  
  85  9:24  Probe  
  85  9:27  Probe  
  88  9:33  Probe  
  88  9:35  Adept x4, Probe  
  88  9:36  Adept  
  98  9:39  Probe  
  98  9:44  Probe  
  98  9:45  Probe  
  98  9:51  Probe  
  98  9:52  Gateway  
  100  9:53  Gateway  
  100  9:54  Probe  
  100  9:56  Probe  
  102  10:02  Forge  
  102  10:04  Probe  
  103  10:07  Robotics Facility, Adept x3  
  109  10:17  Adept x2  
  113  10:23  Pylon  
  113  10:28  Adept x3  
  117  10:41  Pylon  
  117  10:42  Pylon  
  117  10:44  Pylon x2  
  117  10:45  Adept  
Show
View Real Time Build Order
Export as new Build Order

JuGGeRNutZ Zerg - Winner!

Build Orders: Hatch First 

Get SALT Encoding   

  12  0:01  Drone  
  13  0:13  Drone  
  14  0:33  Hatchery  
  13  0:36  Drone  
  14  0:43  Overlord  
  14  0:50  Extractor  
  14  0:51  Drone  
  15  1:02  Drone x2  
  17  1:12  Spawning Pool  
  17  1:15  Drone  
  17  1:17  Extractor  
  16  1:21  Drone  
  17  1:34  Drone  
  18  1:43  Drone  
  18  1:46  Drone  
  20  1:52  Drone  
  21  1:58  Queen  
  21  1:59  Queen  
  25  2:07  Overlord  
  25  2:10  Zergling x2  
  25  2:12  Drone  
  27  2:25  Metabolic Boost  
  27  2:29  Drone  
  28  2:31  Drone  
  28  2:33  Zergling x4  
  31  2:40  Evolution Chamber  
  31  2:43  Drone  
  31  2:49  Overlord  
  31  2:50  Hatchery  
  30  2:56  Drone  
  31  3:09  Zergling x2  
  31  3:10  Zergling x14  
  37  3:23  Spore Crawler  
  37  3:25  Zerg Melee Weapons Level 1  
  36  3:27  Zergling x10  
  36  3:33  Queen  
  43  3:38  Overlord  
  43  3:46  Overlord  
  43  3:59  Zergling x8  
  45  4:10  Zergling x12  
  45  4:16  Drone x3  
  48  4:29  Zergling x2  
  48  4:30  Zergling x10  
  52  4:37  Zergling x2  
  52  4:40  Overlord  
  52  4:44  Drone x4  
  53  4:55  Zergling x14  
  56  5:03  Zergling x4  
  56  5:04  Zergling x2  
  56  5:08  Zergling x2  
  56  5:11  Zergling x2  
  56  5:17  Zergling x4  
  55  5:22  Overlord  
  52  5:30  Zergling x2  
  52  5:31  Zergling x2  
  52  5:33  Overlord  
  53  5:39  Lair  
  53  5:40  Drone x4  
  56  5:45  Drone  
  55  5:57  Overlord  
  55  6:00  Pneumatized Carapace, Drone  
  55  6:01  Drone x11  
  63  6:07  Overlord  
  63  6:09  Zergling x2  
  63  6:10  Zergling x2  
  61  6:14  Extractor  
  61  6:16  Zerg Missile Weapons Level 1, Extractor x2  
  57  6:23  Zergling x10  
  61  6:27  Spore Crawler x2  
  61  6:31  Drone x7  
  63  6:35  Spore Crawler  
  63  6:36  Spore Crawler  
  63  6:37  Spore Crawler  
  63  6:38  Overlord, Spore Crawler  
  59  6:42  Drone x4  
  62  6:51  Drone x4  
  66  6:56  Drone x3  
  69  7:01  Hydralisk Den  
  69  7:02  Drone x4  
  72  7:18  Extractor  
  72  7:19  Extractor  
  72  7:21  Spore Crawler  
  69  7:25  Drone x3  
  69  7:26  Drone x2  
  69  7:28  Drone  
  69  7:29  Hatchery  
  74  7:30  Overlord  
  74  7:31  Queen  
  74  7:33  Spore Crawler  
  74  7:37  Spore Crawler, Muscular Augments  
  73  7:49  Baneling Nest  
  73  7:50  Hydralisk x4  
  73  7:51  Hydralisk x2  
  79  7:59  Hydralisk x2  
  80  8:11  Queen x2  
  69  8:31  Drone x8  
  70  8:45  Drone x4  
  74  9:03  Hydralisk x5  
  74  9:04  Hydralisk  
  85  9:11  Hydralisk x2  
  89  9:19  Hydralisk x3  
  95  9:25  Overlord x2  
  95  9:27  Overlord  
  95  9:37  Overlord x2  
  92  9:47  Zergling x24  
  104  10:02  Drone x3  
  107  10:10  Baneling x3  
  107  10:18  Baneling x4  
  107  10:19  Baneling x20  
  107  10:20  Zergling x16  
  115  10:35  Zergling x20  
  125  10:41  Drone  
Tags
 
Add a new tag
Caveats
  • Supply blocks, unpowered buildings, or Contaminate may cause inaccurate times.
  • Supply counts are checked every 10 seconds.